 Dungeon Crawl Stone Soup version 0.23-a0-333-g006994f (webtiles) character file.

3382 12572944 the Cleaver (level 10, -5/90 HPs)
             Began as a Hill Orc Gladiator on Oct 16, 2018.
             Was a Priest of Okawaru.
             Slain by a two-headed ogre
             ... wielding a +0 giant club
              (20 damage)
             ... on level 8 of the Dungeon on Oct 17, 2018.
             The game lasted 00:25:23 (7679 turns).

12572944 the Cleaver (Hill Orc Gladiator)           Turns: 7679, Time: 00:25:24

Health: -5/90      AC: 11    Str: 21    XL:     10   Next: 4%
Magic:  10/10      EV: 10    Int:  8    God:    Okawaru [***...]
Gold:   378        SH:  0    Dex: 15    Spells: 9/9 levels left

rFire    . . .     SeeInvis .   a - +0 war axe
rCold    + . .     Gourm    .   (no shield)
rNeg     . . .     Faith    .   H - +0 chain mail {rC+}
rPois    .         Spirit   .   c - +0 helmet
rElec    .         Reflect  .   h - scarf {cloud immunity}
rCorr    +         Harm     .   (no gloves)
MR       .....                  x - +1 pair of boots
Stlth    ..........             (no amulet)
HPRegen  0.25/turn              r - +3 ring of dexterity
MPRegen  0.12/turn              M - ring of resist corrosion

@: hasted, very quick
A: no striking features
a: Heroism, Renounce Religion


You were on level 8 of the Dungeon.
You worshipped Okawaru.
Okawaru was most pleased with you.
You were not hungry.

You visited 1 branch of the dungeon, and saw 8 of its levels.

You collected 378 gold pieces.

Inventory:

Hand Weapons
 a - a +0 war axe (weapon)
 b - a +2 flail of crushing
Missiles
 d - 3 throwing nets
 o - 138 stones (quivered)
 s - 2 tomahawks
Armour
 c - a +0 helmet (worn)
 h - a scarf of cloud immunity (worn)
 j - a +0 leather armour
 t - a +0 ring mail
 u - a +0 chain mail
 x - a +1 pair of boots (worn)
 H - a +0 chain mail of cold resistance (worn)
Jewellery
 r - a +3 ring of dexterity (left hand)
 M - a ring of resist corrosion (right hand)
Wands
 p - a wand of polymorph (23)
 B - a wand of random effects (15)
 P - a wand of scattershot (6)
 Q - a wand of clouds (6)
 R - a wand of flame (16)
Scrolls
 e - a scroll of fog
 l - 2 scrolls of teleportation {@r4}
 m - a scroll of amnesia
 y - 6 scrolls of identify {@r1}
 F - 2 scrolls of acquirement
 G - a scroll of brand weapon {unknown}
 I - a scroll of immolation {unknown}
 K - a scroll of enchant armour {unknown}
 L - 3 scrolls of remove curse {@r2}
 N - a scroll of magic mapping
 O - a scroll of fear {unknown}
Potions
 g - 2 potions of berserk rage
 i - a potion of invisibility {unknown}
 k - 3 potions of agility
 n - a potion of heal wounds {unknown}
 q - 4 potions of curing {@q1}
 w - 2 potions of might
 A - 2 potions of magic {unknown}
 C - a potion of cancellation {unknown}
 D - a potion of lignification {unknown}
 J - 2 potions of degeneration {unknown}
Comestibles
 f - 13 rations
 v - 6 chunks of flesh


   Skills:
 + Level 8.6 Fighting
 + Level 10.0(10.3) Axes
 + Level 3.0(6.1) Maces & Flails
 * Level 7.2 Throwing
 - Level 5.0 Dodging


You had 9 spell levels left.
You didn't know any spells.
Your spell library contained the following spells:

 Spells                   Type           Power        Failure   Level  Hunger
 Confusing Touch          Hex            #.....       99%         1    ##.....
 Confuse                  Hex            #.......     100%        3    ####...
 Gell's Gravitas          Tloc           #.........   100%        3    ####...
 Petrify                  Tmut/Erth      #.......     100%        4    #####..
 Metabolic Englaciation   Hex/Ice        #.........   100%        5    ######.
 Yara's Violent Unravell  Hex/Tmut       #.........   100%        5    ######.


Dungeon Overview and Level Annotations

Branches:
Dungeon (8/15)             Temple (0/1) D:4
   Lair: D:8-11

Altars:
Gozag
Makhleb
Okawaru
Qazlal
Ru
Vehumet
The Shining One

Annotations:
D:5 5 runed doors, Avernum's ghost, amateur OgMo
D:6 exclusion: downstairs


Message History

Something appears at your feet!
* * * LOW HITPOINT WARNING * * *
You feel very sick.
The adder bites you but does no damage. x2
Press: ? - help, v - describe, . - travel, g - get item A glowing executioner's axe.
A stone staircase leading up.
Unknown command.
Unknown command.
You feel better. The two-headed ogre barely misses you.
The two-headed ogre hits you with a +0 great mace.
* * * LOW HITPOINT WARNING * * *
The adder bites you but does no damage.
The two-headed ogre hits you with a +0 giant club!
* * * LOW HITPOINT WARNING * * *
The two-headed ogre barely misses you.
You feel better.
You feel yourself speed up.
The two-headed ogre hits you with a +0 giant club!!
You die...

#####.#...##
#.........>#
#.###...<..#
...........## #
#.##.......)# ##.
#.##.#.....## #.#
#..#.##...########
#.#
##.#.###.#.......#
#.# ##.#.#
###.#####@# #.##
.....#
...$##O###..### ##
##.###
.......So.oo...##.o.r
##.####
.....##.##o#)#)......
......#
.....##.#.###.###...
##.##.#
........##.#(## #
#.##.# ## #### #.##
#.##.# #(# ##.##(#
######## #.#


You could see a two-headed ogre, an orc warrior and an adder.

Vanquished Creatures
  Grinder (D:5)
  A hungry ghost (D:8)
  An orc warrior (D:5)
  2 ice beasts
  3 sky beasts
  A necrophage (D:5)
  4 ogres
  A phantom (D:5)
  5 centaurs
  A big kobold (D:7)
  3 bullfrogs
  6 scorpions
  4 killer bees (D:7)
  2 crimson imps (D:7)
  A jelly (D:8)
  3 orc priests
  A bullfrog skeleton (D:4)
  A centaur skeleton (D:4)
  A hound (D:4)
  2 orc wizards
  A gnoll shaman (D:7)
  Natasha (D:4)
  6 worker ants
  13 adders
  7 gnolls
  A shadow imp (D:8)
  2 oozes (D:1)
  2 adder zombies
  An adder skeleton (D:5)
  A dart slug (D:1)
  6 leopard geckos
  29 orcs
  3 giant cockroaches
  4 hobgoblins
  11 jackals
  7 kobolds
  A ball python (D:4)
  7 bats
  4 frilled lizards
  11 goblins
  A leopard gecko skeleton (D:4)
  6 rats
169 creatures vanquished.

Vanquished Creatures (others)
  An orc (D:4)
  A hobgoblin (D:4)
2 creatures vanquished.

Grand Total: 171 creatures vanquished

Notes
Turn   | Place    | Note
-------+----------+-------------------------------------------
     0 | D:1      | 12572944 the Hill Orc Gladiator began the quest for the
                  | Orb.
     0 | D:1      | Reached XP level 1. HP: 18/18 MP: 1/1
    90 | D:1      | Reached XP level 2. HP: 22/25 MP: 2/2
   489 | D:1      | Reached XP level 3. HP: 25/30 MP: 3/3
  1022 | D:2      | Reached XP level 4. HP: 38/38 MP: 4/4
  1048 | D:2      | Found a burning altar of Makhleb.
  1671 | D:3      | Found a stormy altar of Qazlal.
  1728 | D:3      | Upgraded the game from 0.23-a0-332-g9fe5f10 to
                  | 0.23-a0-333-g006994f
  1741 | D:3      | Reached XP level 5. HP: 20/45 MP: 5/5
  2295 | D:3      | Reached skill level 5 in Axes
  2417 | D:4      | Reached XP level 6. HP: 41/52 MP: 6/6
  2655 | D:4      | Found a glowing golden altar of the Shining One.
  2676 | D:4      | Found an iron altar of Okawaru.
  2683 | D:4      | Became a worshipper of Warmaster Okawaru
  2914 | D:4      | Reached XP level 7. HP: 58/60 MP: 7/7
  3208 | D:4      | Noticed Natasha
  3221 | D:4      | Killed Natasha
  3235 | D:4      | Found a staircase to the Ecumenical Temple.
  3287 | D:4      | Reached skill level 6 in Axes
  4111 | D:5      | Entered Level 5 of the Dungeon
  4128 | D:5      | Reached * piety under Okawaru
  4128 | D:5      | Reached skill level 5 in Dodging
  4167 | D:5      | Reached skill level 5 in Fighting
  4246 | D:5      | Reached XP level 8. HP: 8/69 MP: 8/8
  4573 | D:5      | Found a runed gate.
  4576 | D:5      | Found an opulent altar of Gozag.
  4577 | D:5      | Found a runed gate.
  4577 | D:5      | Found a runed gate.
  4577 | D:5      | Noticed Avernum's ghost (amateur OgMo)
  4607 | D:5      | Found a radiant altar of Vehumet.
  4616 | D:5      | Found a sacrificial altar of Ru.
  4690 | D:5      | Reached skill level 7 in Axes
  4767 | D:5      | Noticed Grinder
  4783 | D:5      | Killed Grinder
  4914 | D:5      | Reached ** piety under Okawaru
  4931 | D:5      | Found a large runed door.
  4931 | D:5      | Found a large runed door.
  4938 | D:5      | Reached skill level 8 in Axes
  4938 | D:5      | Reached skill level 5 in Throwing
  5234 | D:5      | Found a large runed door.
  5234 | D:5      | Found a large runed door.
  5281 | D:5      | Reached XP level 9. HP: 64/79 MP: 9/9
  6171 | D:6      | Reached skill level 9 in Axes
  6935 | D:7      | Reached skill level 1 in Maces & Flails
  7162 | D:7      | Reached *** piety under Okawaru
  7483 | D:8      | Reached skill level 10 in Axes
  7518 | D:8      | Reached XP level 10. HP: 57/90 MP: 10/10
  7669 | D:8      | Noticed a two-headed ogre
  7674 | D:8      | Identified 3 scrolls of acquirement
  7679 | D:8      | Slain by a two-headed ogre

Vault maps used:
D:1:      tarquinn_simple_flora_water_f
D:2:      bloody_makhleb
D:3:      grunt_qazlal_clouds
D:4:      okawaru_ov_weapons_minmay, lemuel_doored_altar,
          lemuel_temple_firewalk_b, hangedman_decor_points,
          hangedman_abyss_or_decor_stabs, uniq_natasha
D:5:      amethyst_overflow_temple_binary, first_ration, ebering_ghost_gozag,
          minmay_hollow_rounded_squares, uniq_grinder
D:8:      grunt_temple_overflow_opulence, overflow_temple_1_default,
          nicolae_overflow_crystal_walls, grunt_pizzeria

Skill      XL: |  1  2  3  4  5  6  7  8  9 10 |
---------------+-------------------------------+-----
Throwing       | 2 3 4 5 7 |  7.2
Fighting       | 3 4 5 7 8 |  8.6
Dodging        | 3 4 5 |  5.0
Axes           | 5 6 8 10 | 10.0
Maces & Flails | 2 3 |  3.0

Action                   |  1- 3 |  4- 6 |  7- 9 | 10-12 || total
-------------------------+-------+-------+-------+-------++-------
Melee: War axe           |    69 |   144 |   452 |    10 ||   675
       Hand axe          |       |       |     6 |       ||     6
Throw: Stone             |       |       |    21 |       ||    21
Invok: Heroism           |       |       |     9 |       ||     9
  Use: Scroll            |       |     4 |     6 |     2 ||    12
       Potion            |       |       |     2 |     3 ||     5
  Eat: Chunk             |       |     7 |    11 |     3 ||    21
       Ration            |       |       |     1 |       ||     1
Armor: Leather armour    |    11 |       |       |       ||    11
       Chain mail        |    17 |   102 |   233 |    12 ||   364
       Ring mail         |     2 |       |       |       ||     2
Dodge: Dodged            |    50 |    83 |   264 |    10 ||   407

Table legend:
 A = Non-vault XP
 B = Vault XP
 C = Vault XP percentage of total XP
 D = Non-vault monster count
 E = Vault monster count
 F = Vault count percentage of total count
                 A         B        C        D         E       F
            +---------+---------+-------+---------+---------+-------
      Total |    3965 |     867 |  17.9 |     160 |       9 |   5.3
            +---------+---------+-------+---------+---------+-------
        D:1 |      43 |       0 |   0.0 |      17 |       0 |   0.0
        D:2 |      49 |       0 |   0.0 |      10 |       0 |   0.0
        D:3 |     259 |       0 |   0.0 |      40 |       0 |   0.0
        D:4 |     524 |      35 |   6.3 |      26 |       1 |   3.7
        D:5 |     931 |     832 |  47.2 |      12 |       8 |  40.0
        D:6 |     286 |       0 |   0.0 |      11 |       0 |   0.0
        D:7 |    1400 |       0 |   0.0 |      38 |       0 |   0.0
        D:8 |     473 |       0 |   0.0 |       6 |       0 |   0.0
            +---------+---------+-------+---------+---------+-------
